 Dungeon Crawl Stone Soup version 0.30.0-29-ga12c61a403 (webtiles) character file.

Game seed: 14161086856660808423

35 qw the Chopper (level 3, -3/23 HPs)
             Began as a Gargoyle Fighter on June 4, 2023.
             Slain by a gnoll
             ... wielding a +3 spear
             ... led by a gnoll bouda
              (4 damage)
             ... on level 2 of the Dungeon.
             The game lasted 00:00:26 (1290 turns).

qw the Chopper (Gargoyle Fighter)                   Turns: 1290, Time: 00:00:27

Health: -3/23      AC: 12    Str: 21    XL:     3   Next: 35%
Magic:  3/3        EV:  7    Int:  8    God:
Gold:   111        SH:  4    Dex:  9    Spells: 2/2 levels left

rFire   . . .        Y - +2 war axe
rCold   . . .        c - +0 buckler
rNeg    + . .        f - +0 chain mail
rPois   inf          (no helmet)
rElec   +            (no cloak)
rCorr   .            (no gloves)
SInv    .            (no boots)
Will    .....        (no amulet) Stlth
                     (no ring)
HPRegen 0.23/turn    (no ring)
MPRegen 0.08/turn

%: no passive effects
@: weakened
A: sickness immunity, AC +3, negative energy resistance 1, electricity
resistance, torment resistance 1, petrification resistance
a: no special abilities


You were on level 2 of the Dungeon.
You visited 1 branch of the dungeon, and saw 2 of its levels.

You collected 111 gold pieces.


Innate Abilities, Weirdness & Mutations

You are immune to sickness and miasma.
Your stone body is resilient. (AC +3)
You are immune to poison.
You resist negative energy. (rN+)
You are resistant to electric shocks. (rElec)
You are resistant to unholy torment.
You are immune to petrification.


   Skills:
 - Level 3.2 Fighting
 + Level 3.3 Axes
 - Level 3.2 Armour
 - Level 3.2 Shields


You had 2 spell levels left.
You didn't know any spells.
Your spell library was empty.

Inventory:

Hand Weapons
 i - a +0 club
 Y - a +2 war axe (weapon)
Armour
 c - a +0 buckler (worn)
 f - a +0 chain mail (worn)
Scrolls
 a - a scroll of fog {unknown}
 j - a scroll of vulnerability {unknown}
Potions
 b - a potion of degeneration {unknown}
 d - a potion of might
 e - 2 potions of heal wounds {unknown}
 g - a potion of berserk rage {unknown}
 h - a potion of magic {unknown}
 k - a potion of curing {unknown}

Dungeon Overview and Level Annotations

Branches:
Dungeon (2/15)

Altars:

Shops:
D:2 [


Message History

A gnoll comes into view. It is wielding a +3 spear.
The gnoll bouda calls upon its god to heal the gnoll.
The gnoll is healed somewhat.
The gnoll hits you with a +1 flail of draining.
You barely miss the gnoll.
The gnoll is lightly wounded.
You hit the gnoll bouda.
The gnoll bouda gazes fiercely through you!
You feel as though you will be weak longer.
The gnoll bouda closely misses you.
The gnoll hits you with a +1 flail of draining.
You barely miss the gnoll bouda.
The gnoll bouda is heavily wounded.
You hit the gnoll.
The gnoll bouda hits you with a +0 club.
The gnoll barely misses you. The gnoll hits you but does no damage.
The gnoll bouda barely misses you.
The gnoll hits you from afar with a +3 spear.
You block the gnoll's attack.
You slash the gnoll bouda!
The gnoll bouda is almost dead.
You barely miss the gnoll.
The gnoll bouda gazes fiercely through you!
You feel as though you will be weak longer.
The gnoll bouda barely misses you. The gnoll hits you but does no damage.
The gnoll hits you from afar with a +3 spear.
You barely miss the gnoll bouda.
The gnoll bouda is almost dead.
You slash the gnoll!
The gnoll bouda barks out a call to the hunt!
The gnoll picks up the pace!
The gnoll hits you with a +1 flail of draining.
The gnoll barely misses you.
You slash the gnoll bouda!
You kill the gnoll bouda!
You hit the gnoll.
You kill the gnoll!
The gnoll hits you but does no damage.
The gnoll hits you from afar with a +3 spear.
You die...

..# ..########
..........
..########+#### ##
..............## ..
...........>...# .#
.#.....#.......# g#
'##.#..........##)#
..#.#####.......@)#
..#.....'.....#####
..#######.\...# ..#
##......###
..###..######
..+...<# ..###.##
..# #.# +####'##


You could see a gnoll (swift).

Vanquished Creatures
  A gnoll bouda (D:2)
  2 gnolls (D:2)
  A dart slug (D:1)
  2 endoplasms (D:1)
  A giant cockroach (D:1)
  5 goblins
  3 ball pythons
  3 bats
  2 frilled lizards
  A kobold (D:2)
  6 rats
27 creatures vanquished.

Notes
Turn   | Place    | Note
-------+----------+-------------------------------------------
     0 | D:1      | qw the Gargoyle Fighter began the quest for the Orb.
     0 | D:1      | Reached XP level 1. HP: 14/14 MP: 1/1
     0 | D:1      | 0 ||| qw: Version: 0.2-a-106-g05974ce
     0 | D:1      | 0 ||| qw: Game counter: 1164
     0 | D:1      | 0 ||| qw: Always use a shield: true
     0 | D:1      | 0 ||| qw: God list: Okawaru
     0 | D:1      | 0 ||| qw: Allow faded altars: false
     0 | D:1      | 0 ||| qw: Do Orc after D:15 true
     0 | D:1      | 0 ||| qw: Do second Lair branch before Depths: true
     0 | D:1      | 0 ||| qw: Lair rune preference: random
     0 | D:1      | 0 ||| qw: Plans: Normal, Zot:1-4, Slime:5, God:TSO, Crypt,
                  | Tomb, Abyss, Pan, Hells, Win
     0 | D:1      | 0 ||| PLANNING D:1-11
   310 | D:1      | Reached XP level 2. HP: 19/19 MP: 2/2
   797 | D:1      | 797 ||| UPGRADING to +0 chain mail.
   807 | D:1      | 807 ||| DROPPING +0 scale mail.
   808 | D:1      | 808 ||| DROPPING amulet of magic regeneration.
   809 | D:1      | 809 ||| READING 2 scrolls labelled OZEDOL RUDWURHE.
   810 | D:1      | 810 ||| READING scroll of enchant weapon.
   810 | D:1      | 810 ||| ENCHANTING +1 war axe.
   827 | D:2      | Found Soseorus's Antique Armour Boutique.
   834 | D:2      | 834 ||| SHOPLISTING glowing buckler (165 gold, have 83).
   834 | D:2      | 834 ||| SHOPLISTING helmet (99 gold, have 83).
   834 | D:2      | 834 ||| SHOPLISTING kite shield (99 gold, have 83).
   936 | D:2      | Reached skill level 3 in Axes
  1070 | D:2      | Reached XP level 3. HP: 23/23 MP: 3/3
  1288 | D:2      | HP: 4/23 [gnoll/+3 spear[a gnoll bouda] (2)]
  1289 | D:2      | HP: 1/23 [gnoll/+1 flail of draining[a gnoll bouda] (4)]
  1290 | D:2      | Slain by a gnoll

Levels and vault maps discovered:
D:1:      psy_arrival_basics, layout_loops_corners, minmay_pentomino_w2
D:2:      layout_basic, serial_shops, shop, minmay_statues_item

Skill      XL: |  1  2 |
---------------+-------+-----
Axes           | 2 3 |  3.3
Fighting       | |  3.2
Armour         | |  3.2
Shields        | |  3.2

Action                     || total
---------------------------++-------
  Melee: War axe           ||    73
    Use: Scroll            ||     2
 Armour: Scale mail        ||    17
         Chain mail        ||    21
  Dodge: Dodged            ||    30
  Block: Buckler           ||    10

Table legend:
 A = Non-vault XP
 B = Vault XP
 C = Vault XP percentage of total XP
 D = Non-vault monster count
 E = Vault monster count
 F = Vault count percentage of total count
                 A         B        C        D         E       F
            +---------+---------+-------+---------+---------+-------
      Total |     103 |       2 |   1.9 |      26 |       1 |   3.7
            +---------+---------+-------+---------+---------+-------
        D:1 |      20 |       2 |   9.1 |      12 |       1 |   7.7
        D:2 |      83 |       0 |   0.0 |      14 |       0 |   0.0
            +---------+---------+-------+---------+---------+-------
